 Dungeon Crawl Stone Soup version 0.28.0 (webtiles) character file.

Game seed: 14175620089591319938

224 Minsecho the Skirmisher (level 6, -1/66 HPs)
             Began as an Ogre Berserker on Feb 15, 2022.
             Was a Believer of Trog.
             Slain by a gnoll (9 damage)
             ... on level 3 of the Dungeon.
             The game lasted 00:05:25 (3740 turns).

Minsecho the Skirmisher (Ogre Berserker)            Turns: 3740, Time: 00:05:26

Health: -1/66      AC:  3    Str: 22    XL:     6   Next: 0%
Magic:  6/6        EV: 10    Int:  8    God:    Trog [**....]
Gold:   63         SH:  0    Dex: 10    Spells: 5/5 levels left

rFire   . . .      SeeInvis .   a - +0 mace
rCold   . . .      Faith    .   (no shield)
rNeg    . . .      Spirit   .   b - +0 animal skin
rPois   .          Reflect  .   (helmet restricted)
rElec   .          Harm     .   (no cloak)
rCorr   .          Rampage  .   (gloves unavailable)
Will    .....                   (boots unavailable)
Stlth   +.........              (no amulet)
HPRegen 0.21/turn               (no ring)
MPRegen 0.10/turn               (no ring)

@: no status effects
A: large, unfitting armour, tough skin 1
a: Renounce Religion, Berserk, Trog's Hand


You were on level 3 of the Dungeon.
You worshipped Trog.
Trog was pleased with you.
You visited 1 branch of the dungeon, and saw 3 of its levels.

You collected 63 gold pieces.

Inventory:

Hand Weapons
 a - a +0 mace (weapon)
Missiles
 o - a throwing net (quivered)
Armour
 b - a +0 animal skin (worn)
Jewellery
 m - a ring of magical power
Scrolls
 c - a scroll of amnesia {unknown}
 d - a scroll of fog {unknown}
 f - a scroll of enchant weapon {unknown}
 i - a scroll of immolation {unknown}
 k - a scroll of blinking {unknown}
 l - a scroll of identify {unknown}
 n - a scroll of noise {unknown}
Potions
 e - 2 potions of mutation {unknown}
 g - a potion of attraction {unknown}
 h - a potion of heal wounds {unknown}
 j - a potion of magic {unknown}
 p - a potion of haste {unknown}


   Skills:
 + Level 5.4 Fighting
 + Level 4.6 Maces & Flails
 + Level 3.5 Dodging
 + Level 0.2 Stealth


You had 5 spell levels left.
You didn't know any spells.
Your spell library was empty.

Dungeon Overview and Level Annotations

Branches:
Dungeon (3/15)

Altars:

Shops:
D:1 ?[


Innate Abilities, Weirdness & Mutations

You are too large for most types of armour.
You have tough skin. (AC +1)


Message History

The gnoll is moderately wounded.
The gnoll misses you.
You closely miss the gnoll.
The gnoll is moderately wounded.
The gnoll barely misses you.
You hit the gnoll but do no damage.
The gnoll is moderately wounded.
The gnoll closely misses you.
You closely miss the gnoll.
The gnoll is moderately wounded.
The gnoll hits you with a +0 flail.
You hit the gnoll.
The gnoll is moderately wounded.
The gnoll hits you with a +0 flail!
You closely miss the gnoll.
The gnoll is moderately wounded.
The gnoll barely misses you. x2
You hit the gnoll but do no damage.
The gnoll is moderately wounded.
The gnoll barely misses you.
A gnoll comes into view. It is wielding a +0 whip.
The gnoll shouts!
You hit the gnoll.
The gnoll is moderately wounded.
The gnoll barely misses you.
You hit the gnoll.
The gnoll is heavily wounded.
The gnoll closely misses you.
You hit the gnoll but do no damage.
The gnoll is heavily wounded.
The gnoll hits you with a +0 flail!
* * * LOW HITPOINT WARNING * * *
You barely miss the gnoll.
The gnoll is heavily wounded.
A bat comes into view.
The gnoll hits you with a +0 flail!
* * * LOW HITPOINT WARNING * * *
A gnoll comes into view. It is wielding a +0 club.
The gnoll hits you with a +0 flail!
You die...

.......#####..#..........
.......# #.............
.......# #.............
##############...........
#..............#.#......
##...........##..........
.#..........###..##.[....
.................# ......
............####@# #.###
............# #g# .#
...########## #Sg# # ...#
..... ...# ......# ...#
..b....# ...# ...g.....
...# ##......... .###
#..........


You could see 3 gnolls, a bat and a ball python.

Vanquished Creatures
  An iguana (D:2)
  5 gnolls
  7 adders
  2 worms
  2 dart slugs
  2 orcs
  6 ball pythons
  5 endoplasms
  7 goblins
  5 hobgoblins
  8 jackals
  7 kobolds
  4 quokkas
  4 bats
  2 frilled lizards
  3 rats (D:1)
70 creatures vanquished.

Notes
Turn   | Place    | Note
-------+----------+-------------------------------------------
     0 | D:1      | Minsecho the Ogre Berserker began the quest for the Orb.
     0 | D:1      | Reached XP level 1. HP: 24/24 MP: 1/1
   144 | D:1      | Reached XP level 2. HP: 18/32 MP: 2/2
   301 | D:1      | Found Reorimuony's Antique Armour Boutique.
   439 | D:1      | Found Dapoh's Magic Scroll Emporium.
   731 | D:1      | Reached XP level 3. HP: 35/40 MP: 3/3
  1206 | D:2      | Reached ** piety under Trog
  1232 | D:2      | Reached XP level 4. HP: 48/49 MP: 4/4
  1320 | D:2      | Reached skill level 5 in Fighting
  1873 | D:2      | Reached XP level 5. HP: 36/57 MP: 5/5
  3730 | D:3      | Reached XP level 6. HP: 37/66 MP: 6/6
  3740 | D:3      | Slain by a gnoll

Illustrated notes

Levels and vault maps discovered:
D:1:      erik_arrival_orb_chamber, layout_basic, serial_shops,
          nicolae_shop_crystal, shop_statue, wad_floor_pattern_untrapped
D:2:      layout_basic, minmay_vboxes
D:3:      layout_basic, gammafunk_temple_overflow_claw

Skill      XL: |  1  2  3  4 |
---------------+-------------+-----
Maces & Flails | 3 4 |  4.6
Dodging        | 3 |  3.5
Fighting       | 5 |  5.4
Stealth        | |  0.2

Action                   |  1- 3 |  4- 6 || total
-------------------------+-------+-------++-------
Melee: Mace              |   111 |   165 ||   276
       Punch             |     1 |     2 ||     3
Invok: Berserk           |     1 |     2 ||     3
       Trog's Hand       |     1 |     1 ||     2
 Stab: Sleeping          |     1 |       ||     1
Armor: Animal skin       |    33 |    45 ||    78
Dodge: Dodged            |    74 |    97 ||   171
